 Dungeon Crawl Stone Soup version 0.30-a0-777-ga9a30cbeda (webtiles) character file.

Game seed: 12090968846115557138

144 Iich the Chopper (level 5, -2/47 HPs)
             Began as a Hill Orc Fighter on Feb 14, 2023.
             Succumbed to a gnoll's poison
             ... on level 3 of the Dungeon.
             The game lasted 00:02:33 (1977 turns).

Iich the Chopper (Hill Orc Fighter)                 Turns: 1977, Time: 00:02:34

Health: -2/47      AC:  6    Str: 18 (19) XL:     5   Next: 27%
Magic:  5/5        EV:  9    Int:  7 (8)  God:
Gold:   88         SH:  4    Dex: 10 (12) Spells: 4/4 levels left

rFire   + . .      SeeInvis .    a - +0 war axe
rCold   + . .      Faith    .    c - +0 buckler
rNeg    . . .      Spirit   .    b - +0 scale mail
rPois   +          Reflect  .    (no helmet)
rElec   +          Harm     .    (no cloak)
rCorr   +          Rampage  .    (no gloves)
Will    .....                    (no boots) Stlth
                                 (no amulet)
HPRegen 0.27/turn                (no ring)
MPRegen 0.09/turn                (no ring)

@: brilliant, lethally poisoned (-2 -> -12), resistant, invisible
A: no striking features
a: no special abilities


You were on level 3 of the Dungeon.
You visited 1 branch of the dungeon, and saw 3 of its levels.

You collected 88 gold pieces.

Inventory:

Hand Weapons
 a - a +0 war axe (weapon)
Armour
 b - a +0 scale mail (worn)
 c - a +0 buckler (worn)
Scrolls
 e - a scroll of noise {unknown}
 f - a scroll of immolation {unknown}
 g - a scroll of blinking {unknown}
 k - a scroll of torment {unknown}
 n - a scroll of teleportation {unknown}
Potions
 d - a potion of might
 j - a potion of flight
 m - a potion of ambrosia


   Skills:
 + Level 4.9 Fighting
 * Level 6.0 Axes
 - Level 3.2 Armour
 - Level 3.2 Shields


You had 4 spell levels left.
You didn't know any spells.
Your spell library contained the following spells:

 Spells                   Type           Power      Damage    Failure   Level
 Kiss of Death            Conj/Necr      0%         2d5       88%         1
 Confusing Touch          Hex            0%         N/A       99%         3
 Dispel Undead            Necr           0%         3d6       100%        4


Dungeon Overview and Level Annotations

Branches:
Dungeon (3/15)

Altars:
Makhleb

Shops:
D:1 [


Message History

The gnoll hits you with a +1 dagger of chaos.
* * * LOW HITPOINT WARNING * * *
The gnoll burns you.
* * * LOW HITPOINT WARNING * * *
You see here a +1 spear of chaos.
You barely miss the gnoll.
The gnoll is severely wounded.
You hit the gnoll.
You feel very sick. The gnoll hits you but does no damage.
You feel drained. You block the gnoll's attack.
The gnoll hits you with a +0 club of chaos.
* * * LOW HITPOINT WARNING * * *
You feel protected.
You hit the gnoll.
You kill the gnoll!
You hear a splash.
You closely miss the gnoll.
* * * LOW HITPOINT WARNING * * *
You feel very sick. You block the gnoll's attack.
Your life force feels restored.
Your Axes skill increases to level 6!
You slash the gnoll!
The gnoll is almost dead.
You feel sick.
The gnoll hits you with a +0 club of chaos.
* * * LOW HITPOINT WARNING * * *
You are lethally poisoned!
It was a potion of brilliance.
You feel clever all of a sudden.
* * * LOW HITPOINT WARNING * * *
You feel very sick.
The gnoll hits you with a +0 club of chaos.
* * * LOW HITPOINT WARNING * * *
The gnoll burns you.
* * * LOW HITPOINT WARNING * * *
It was a potion of invisibility.
You fade into invisibility!
You die...

#.# #.#
#### ##.#
#.#~
#..##...
#.##... ##
#.# .. .~⌠
#.##.#####.
#.#g)..#...
#.#@)~...#.
#.#.~(~~.##
#..#..#~≈^.
####.~≈#~##
.##~#
~##(.#
≈#~### .##.
≈~#.


You could see a gnoll (unable to see you).

Vanquished Creatures
  An iguana (D:3)
  2 gnolls (D:3)
  4 adders
  A worm (D:2)
  3 dart slugs
  3 bats
  5 endoplasms
  3 giant cockroaches
  7 goblins
  6 hobgoblins
  3 jackals (D:2)
  A quokka (D:1)
  5 ball pythons
  5 kobolds (D:2)
  5 rats
54 creatures vanquished.

Vanquished Creatures (others)
  A plant (D:1)
1 creature vanquished.

Grand Total: 55 creatures vanquished

Notes
Turn   | Place    | Note
-------+----------+-------------------------------------------
     0 | D:1      | Iich the Hill Orc Fighter began the quest for the Orb.
     0 | D:1      | Reached XP level 1. HP: 19/19 MP: 1/1
   104 | D:1      | Reached skill level 3 in Axes
   141 | D:1      | Reached XP level 2. HP: 27/27 MP: 2/2
   376 | D:1      | Found Fahochec's Armour Shoppe.
   470 | D:1      | Reached skill level 4 in Axes
   535 | D:1      | Reached XP level 3. HP: 33/33 MP: 3/3
  1016 | D:2      | Reached XP level 4. HP: 34/41 MP: 4/4
  1063 | D:2      | Reached skill level 5 in Axes
  1678 | D:3      | Found a burning altar of Makhleb.
  1694 | D:3      | Reached XP level 5. HP: 27/47 MP: 5/5
  1975 | D:3      | Reached skill level 6 in Axes
  1976 | D:3      | HP: 2/47 [gnoll/+0 club of chaos (3)]
  1977 | D:3      | Succumbed to a gnoll's poison

Illustrated notes

Levels and vault maps discovered:
D:1:      kilobyte_arrival_exit_the_forest, layout_basic, serial_glass,
          glass_columns_c, glass_columns_a, serial_shops,
          nicolae_shop_hallway_plus
D:2:      layout_loops_cross, minmay_splitting_lines
D:3:      layout_basic, bloody_makhleb, tgw_xom

Skill      XL: |  1  2  3  4  5 |
---------------+----------------+-----
Axes           | 3 4 5 6 |  6.0
Fighting       | 4 |  4.9
Armour         | |  3.2
Shields        | |  3.2

Action                     |  1- 3 |  4- 6 || total
---------------------------+-------+-------++-------
  Melee: War axe           |    78 |    73 ||   151
    Use: Potion            |     1 |     4 ||     5
 Armour: Scale mail        |    30 |    30 ||    60
  Dodge: Dodged            |    29 |    30 ||    59
  Block: Buckler           |    12 |    22 ||    34

Table legend: (Time is in decaauts)
 A = Elapsed time spent in this place.
 B = Non-inter-level travel time spent in this place.
 C = Inter-level travel time spent in this place.
 D = Time resting spent in this place.
 E = Time spent auto-exploring this place.
 F = Levels seen in this place.
 G = Mean time per level.
                   A        B        C        D        E       F      G
               +--------+--------+--------+--------+--------+-----+--------+
         Total |   2028 |   1960 |     68 |    108 |   1484 |   3 |  676.0 |
       Dungeon |   2028 |   1960 |     68 |    108 |   1484 |   3 |  676.0 |
               +--------+--------+--------+--------+--------+-----+--------+

Top non-repeatable levels by time:
     D:2: 875 daAuts
     D:1: 681 daAuts
     D:3: 471 daAuts
